[Event "Skalica Open 2019"]
[Site "Skalica"]
[Date "2019.08.29"]
[Round "7.19"]
[White "Benes, Miroslav"]
[Black "Chan, Naruna"]
[Result "1-0"]
[ECO "B24"]
[WhiteElo "2107"]
[BlackElo "1950"]
[Annotator "NA"]
[PlyCount "119"]
[EventDate "2019.08.25"]
[EventType "swiss"]
[EventCountry "SVK"]
[SourceTitle "playchess.com"]
[Source "ChessBase"]
[SourceQuality "1"]
[TimeControl "40/5400+30:1800+30"]

1. e4 c5 2. Nc3 Nc6 3. Bb5 Nd4 4. Nf3 Nxb5 5. Nxb5 a6 6. Nc3 d6 7. d4 cxd4 8. Qxd4 e5 9. Qd3 Nf6 10. Bg5 Be6 11. a4 Be7 12. Bxf6 Bxf6 13. O-O O-O 14. Rfd1 Be7 15. Nd5 Bxd5 16. Qxd5 Qc7 17. c3 Rac8 18. Nd2 Kh8 19. Nf1 f5 20. exf5 Rxf5 21. Ne3 Rff8 22. Qe6 Rf6 23. Qb3 Rg6 24. a5 Bg5 25. Nd5 Qf7 26. Ra4 Rf8 27. Qc2 Bd8 28. Qe2 Qf5 29. Rd3 Qg5 30. Ne3 Rf4 31. Ra1 h6 32. b4 Rf8 33. Rad1 Bc7 34. g3 Bb8 35. Nd5 Ba7 36. Rf3 Qd8 37. Qe4 Rxf3 38. Qxf3 Qe8 39. Qe4 Qf7 40. Rd2 Re6 41. Kg2 Re8 42. Re2 Rf8 43. f3 Rc8 44. Qd3 Rf8 45. Re4 Qf5 46. h4 Rf7 47. g4 Qc8 48. Rc4 Qf8 49. Qe4 Rd7 50. h5 Rf7 51. Kg3 Kg8 52. Rc7 Rxc7 53. Nxc7 Qf7 54. Qxb7 Qf4+ 55. Kh3 Qc1 56. Qxa7 Qxc3 57. Qa8+ Kh7 58. Qe4+ Kh8 59. Ne6 Kg8 60. Qf5 1-0

[Event "Skalica Open 2019"]
[Site "Skalica"]
[Date "2019.08.29"]
[Round "7.20"]
[White "Rakovsky, Jakub"]
[Black "Kovarikova, Maria"]
[Result "0-1"]
[ECO "C60"]
[WhiteElo "1765"]
[BlackElo "1854"]
[Annotator "NA"]
[PlyCount "66"]
[EventDate "2019.08.25"]
[EventType "swiss"]
[EventCountry "SVK"]
[SourceTitle "playchess.com"]
[Source "ChessBase"]
[SourceQuality "1"]
[TimeControl "40/5400+30:1800+30"]

1. e4 e5 2. Nf3 Nc6 3. Bb5 g6 4. d3 Bg7 5. c3 Nge7 6. O-O O-O 7. Nbd2 f5 8. Qb3+ Kh8 9. Ng5 d5 10. exd5 Nxd5 11. Bxc6 bxc6 12. Nc4 f4 13. Nf3 Rf5 14. Re1 Qe8 15. d4 e4 16. Qc2 Nf6 17. Nfd2 Be6 18. Ne5 f3 19. g3 g5 20. g4 Rxe5 21. dxe5 Nxg4 22. Qxe4 Qh5 23. Nxf3 Bd5 24. Qf5 Bxf3 25. Qxf3 Qxh2+ 26. Kf1 Rf8 27. Qxf8+ Bxf8 28. Ke2 Qxf2+ 29. Kd1 Qf3+ 30. Re2 Nf2+ 31. Ke1 Bc5 32. b4 Qh1+ 33. Kd2 Qd1# 0-1

[Event "Skalica Open 2019"]
[Site "Skalica"]
[Date "2019.08.29"]
[Round "7.21"]
[White "Palka, Miroslav"]
[Black "Hrubsa, Marian"]
[Result "1/2-1/2"]
[ECO "A36"]
[WhiteElo "1869"]
[BlackElo "1888"]
[Annotator "NA"]
[PlyCount "125"]
[EventDate "2019.08.25"]
[EventType "swiss"]
[EventCountry "SVK"]
[SourceTitle "playchess.com"]
[Source "ChessBase"]
[SourceQuality "1"]
[TimeControl "40/5400+30:1800+30"]

1. c4 c5 2. Nc3 Nc6 3. g3 g6 4. Bg2 Bg7 5. e4 e5 6. d3 d6 7. Nge2 Nge7 8. O-O O-O 9. Be3 Nd4 10. Qd2 Bh3 11. f4 Bxg2 12. Kxg2 Qd7 13. fxe5 dxe5 14. Nd5 Nxd5 15. cxd5 Qg4 16. Nc3 f5 17. h3 Qh5 18. Qd1 Qxd1 19. Raxd1 b6 20. Rf2 Rf7 21. Rdf1 Raf8 22. Ne2 Nxe2 23. Rxe2 f4 24. Bxf4 exf4 25. gxf4 Rxf4 26. Rxf4 Rxf4 27. e5 Bf8 28. e6 Be7 29. d6 Bxd6 30. e7 Bxe7 31. Rxe7 Rf7 32. Re3 Rd7 33. Kf2 Kf7 34. Rf3+ Ke6 35. Ke3 Ke5 36. Rf8 Re7 37. Rd8 Kf5+ 38. Kf3 Kg5 39. d4 cxd4 40. Rxd4 Kf6 41. a4 g5 42. b4 h5 43. a5 bxa5 44. bxa5 Re5 45. Rd6+ Kf5 46. Ra6 Re7 47. Rh6 g4+ 48. hxg4+ hxg4+ 49. Kf2 Kg5 50. Ra6 Rf7+ 51. Kg3 Rc7 52. Kf2 Rg7 53. Kg3 Kf5 54. Rc6 Ke5 55. Rc4 Kd5 56. Rxg4 Rxg4+ 57. Kxg4 Kc5 58. Kf3 Kb5 59. a6 Kxa6 60. Ke2 Ka5 61. Kd2 Kb4 62. Kc2 Ka3 63. Kb1 1/2-1/2

[Event "Skalica Open 2019"]
[Site "Skalica"]
[Date "2019.08.29"]
[Round "7.22"]
[White "Skreko, Igor"]
[Black "Petkevich, Denis"]
[Result "1/2-1/2"]
[ECO "A16"]
[WhiteElo "1725"]
[BlackElo "1863"]
[Annotator "NA"]
[PlyCount "115"]
[EventDate "2019.08.25"]
[EventType "swiss"]
[EventCountry "SVK"]
[SourceTitle "playchess.com"]
[Source "ChessBase"]
[SourceQuality "1"]
[TimeControl "40/5400+30:1800+30"]

1. c4 Nf6 2. Nc3 g6 3. g3 Bg7 4. Bg2 O-O 5. Nf3 c5 6. O-O d6 7. d3 Nc6 8. a3 e5 9. Rb1 a5 10. e3 Be6 11. Qc2 Nh5 12. Bd2 f5 13. Nb5 g5 14. Ne1 f4 15. exf4 gxf4 16. Nf3 Nd4 17. Nbxd4 cxd4 18. b4 axb4 19. axb4 Qd7 20. b5 Bh3 21. Qb3 Kh8 22. Ra1 Rxa1 23. Rxa1 Qg4 24. Bxh3 Qxh3 25. Ng5 Qg4 26. Ne4 f3 27. Qd1 Nf4 28. Bxf4 exf4 29. Nxd6 Be5 30. Ne4 h5 31. Qf1 Qf5 32. h4 Qg4 33. Kh2 fxg3+ 34. fxg3 Qxh4+ 35. Qh3 Qxh3+ 36. Kxh3 Kg7 37. Rf1 Kh6 38. Nd2 f2 39. Ne4 Rf3 40. Rxf2 Rxd3 41. Rf5 Bb8 42. Rf8 Be5 43. Re8 Bg7 44. Re6+ Kh7 45. Ng5+ Kg8 46. Re8+ Bf8 47. Rd8 Re3 48. Rxd4 Be7 49. Ne4 h4 50. Kg4 hxg3 51. Nxg3 Bc5 52. Rd7 b6 53. Nf5 Re4+ 54. Kg5 Rxc4 55. Kf6 Rf4 56. Rd8+ Kh7 57. Rd7+ Kg8 58. Rd8+ 1/2-1/2

[Event "Skalica Open 2019"]
[Site "Skalica"]
[Date "2019.08.29"]
[Round "7.23"]
[White "Ivanov, Alexander"]
[Black "Krakovsky, Peter"]
[Result "1-0"]
[ECO "B76"]
[WhiteElo "2473"]
[BlackElo "1000"]
[Annotator "ChessBase"]
[PlyCount "33"]
[EventDate "2019.08.25"]
[EventType "swiss"]
[EventCountry "SVK"]
[SourceTitle "playchess.com"]
[Source "ChessBase"]
[SourceQuality "1"]
[TimeControl "40/5400+30:1800+30"]

1. e4 c5 2. Nf3 d6 3. d4 cxd4 4. Nxd4 g6 5. Be3 Bg7 6. Nc3 Nf6 7. f3 O-O 8. Qd2 Nc6 9. g4 a6 10. h4 Nxd4 11. Bxd4 Nd7 12. O-O-O Ne5 13. Be2 Be6 14. Rdg1 Qa5 15. f4 Nc4 16. Bxc4 Bxc4 17. Bxg7 1-0

[Event "Skalica Open 2019"]
[Site "Skalica"]
[Date "2019.08.29"]
[Round "7.24"]
[White "Fizerova, Lucie"]
[Black "Kastler, Peter"]
[Result "1-0"]
[ECO "C00"]
[WhiteElo "1563"]
[BlackElo "1724"]
[Annotator "NA"]
[PlyCount "151"]
[EventDate "2019.08.25"]
[EventType "swiss"]
[EventCountry "SVK"]
[SourceTitle "playchess.com"]
[Source "ChessBase"]
[SourceQuality "1"]
[TimeControl "40/5400+30:1800+30"]

1. e4 e6 2. d4 d5 3. Bd3 dxe4 4. Bxe4 Nf6 5. Bf3 Be7 6. Ne2 Nbd7 7. Nbc3 O-O 8. Bf4 Nb6 9. O-O Nbd5 10. Bg3 c6 11. a3 b6 12. Qd2 Bb7 13. Rad1 Rc8 14. Nf4 Bd6 15. Nfxd5 Nxd5 16. Bxd6 Qxd6 17. Ne4 Qe7 18. Rfe1 Nf6 19. Qg5 Nd5 20. Qd2 Rfe8 21. Ng3 Rcd8 22. c3 Qc7 23. Qg5 Qe7 24. Qg4 Nf6 25. Qg5 h6 26. Qd2 c5 27. Bxb7 Qxb7 28. Qf4 cxd4 29. Rxd4 Rd5 30. Rxd5 Qxd5 31. h3 Rc8 32. Ne4 Nxe4 33. Qxe4 Qb3 34. Qe2 Rd8 35. Rc1 a5 36. Qc2 Qd5 37. Qe2 Kf8 38. Re1 Ke7 39. Qe3 Qd2 40. Qe2 Qxe2 41. Rxe2 Rd1+ 42. Kh2 Kd6 43. b4 Kd5 44. bxa5 bxa5 45. Rb2 Kc4 46. Rb7 Kxc3 47. Rxf7 Kb3 48. Rxg7 h5 49. Rg6 Rd6 50. Rg5 Ra6 51. Rg3+ Kc4 52. Rg5 a4 53. Re5 Kb3 54. Re3+ Kc2 55. Re2+ Kd3 56. Re3+ Kd4 57. Kg3 Rc6 58. Kf4 Ra6 59. g4 hxg4 60. hxg4 Kd5 61. g5 Ra8 62. Rd3+ Kc4 63. Rg3 Kd5 64. g6 e5+ 65. Kg5 Ke6 66. g7 Kf7 67. Kh6 Kg8 68. Rg6 Ra7 69. Rb6 Ra8 70. Kg6 e4 71. Rf6 Rc8 72. Rf8+ Rxf8 73. gxf8=Q+ Kxf8 74. Kf5 Ke7 75. Kxe4 Kf6 76. Kd4 1-0

[Event "Skalica Open 2019"]
[Site "Skalica"]
[Date "2019.08.30"]
[Round "8.1"]
[White "Czebe, Attila"]
[Black "Demidov, Mikhail"]
[Result "0-1"]
[ECO "A05"]
[WhiteElo "2413"]
[BlackElo "2556"]
[Annotator "ChessBase"]
[PlyCount "58"]
[EventDate "2019.08.25"]
[EventType "swiss"]
[EventCountry "SVK"]
[SourceTitle "playchess.com"]
[Source "ChessBase"]
[SourceQuality "1"]
[TimeControl "40/5400+30:1800+30"]

1. Nf3 Nf6 2. g3 d5 3. Bg2 e6 4. O-O c5 5. d3 Nc6 6. Nbd2 g6 7. e4 Bg7 8. exd5 Nxd5 9. Nb3 b6 10. c4 Nde7 11. d4 Ba6 12. Ne5 Bxe5 13. dxe5 Bxc4 14. Bh6 Qxd1 15. Rfxd1 Bd5 16. Nd2 O-O-O 17. Bg5 h6 18. Bf6 Rhe8 19. Ne4 Bxe4 20. Bxe4 Rxd1+ 21. Rxd1 Kc7 22. g4 Nd4 23. b4 Nd5 24. bxc5 bxc5 25. Bg7 h5 26. gxh5 gxh5 27. Kh1 Nc3 28. Re1 Nxe4 29. Rxe4 Rg8 0-1

[Event "Skalica Open 2019"]
[Site "Skalica"]
[Date "2019.08.30"]
[Round "8.2"]
[White "Sahidi, Samir"]
[Black "Pulpan, Jakub"]
[Result "1/2-1/2"]
[ECO "E10"]
[WhiteElo "2366"]
[BlackElo "2397"]
[Annotator "NA"]
[PlyCount "66"]
[EventDate "2019.08.25"]
[EventType "swiss"]
[EventCountry "SVK"]
[SourceTitle "playchess.com"]
[Source "ChessBase"]
[SourceQuality "1"]
[TimeControl "40/5400+30:1800+30"]

1. d4 Nf6 2. c4 e6 3. Nf3 d5 4. e3 c5 5. Nc3 Nc6 6. Bd3 a6 7. O-O dxc4 8. Bxc4 b5 9. Be2 cxd4 10. exd4 Be7 11. Bg5 O-O 12. Rc1 Bb7 13. h3 Rc8 14. Bd3 h6 15. Bh4 Nb4 16. Bxf6 Bxf6 17. Be4 Bxe4 18. Nxe4 Be7 19. a3 Nc6 20. Qd3 Qb6 21. Rc2 Rcd8 22. Rd1 f5 23. Ng3 Bf6 24. Ne2 Rd6 25. Rcd2 Rfd8 26. Qe3 Kh7 27. h4 e5 28. Ng3 Nxd4 29. Nxd4 exd4 30. Qd3 Rd5 31. Nxf5 g6 32. Ng3 Bxh4 33. Re2 Rg8 1/2-1/2

[Event "Skalica Open 2019"]
[Site "Skalica"]
[Date "2019.08.30"]
[Round "8.3"]
[White "Maiorov, Nikita"]
[Black "Pechac, Jergus"]
[Result "0-1"]
[ECO "D71"]
[WhiteElo "2512"]
[BlackElo "2471"]
[Annotator "ChessBase"]
[PlyCount "88"]
[EventDate "2019.08.25"]
[EventType "swiss"]
[EventCountry "SVK"]
[SourceTitle "playchess.com"]
[Source "ChessBase"]
[SourceQuality "1"]
[TimeControl "40/5400+30:1800+30"]

1. d4 Nf6 2. c4 g6 3. g3 Bg7 4. Bg2 O-O 5. Nf3 d6 6. O-O Nc6 7. d5 Na5 8. Nfd2 c6 9. Na3 cxd5 10. cxd5 e6 11. dxe6 Bxe6 12. Nb3 Nxb3 13. axb3 d5 14. Be3 Qd7 15. Re1 a6 16. Bd4 Rac8 17. Nc2 Qb5 18. b4 Rfd8 19. Ra5 Qc4 20. Rc5 Qb3 21. Bc3 Rxc5 22. bxc5 Rc8 23. Qd2 Ne4 24. Bxe4 Bxc3 25. bxc3 dxe4 26. Nd4 Qd5 27. Rb1 Rxc5 28. h4 Bh3 29. Qe3 h5 30. Rb2 Rc7 31. Rd2 Rxc3 32. Qxc3 e3 33. f3 exd2 34. Qxd2 Bd7 35. Qc3 a5 36. e3 a4 37. Kf2 Qd6 38. Nc2 Qd1 39. e4 Bb5 40. Ke3 Qg1+ 41. Kf4 Qc1+ 42. Ke5 a3 43. Kd4 a2 44. f4 Qxc2 0-1

[Event "Skalica Open 2019"]
[Site "Skalica"]
[Date "2019.08.30"]
[Round "8.4"]
[White "Vykouk, Jan"]
[Black "Lanka, Zigurds"]
[Result "1/2-1/2"]
[ECO "B28"]
[WhiteElo "2477"]
[BlackElo "2395"]
[Annotator "ChessBase"]
[PlyCount "53"]
[EventDate "2019.08.25"]
[EventType "swiss"]
[EventCountry "SVK"]
[SourceTitle "playchess.com"]
[Source "ChessBase"]
[SourceQuality "1"]
[TimeControl "40/5400+30:1800+30"]

1. e4 c5 2. Nf3 a6 3. g3 g6 4. Bg2 Bg7 5. d4 cxd4 6. Nxd4 Nc6 7. Be3 Nf6 8. Nc3 O-O 9. O-O d6 10. h3 Rb8 11. Re1 Bd7 12. Nd5 e6 13. Nxc6 Bxc6 14. Bb6 Qd7 15. Nc3 Ne8 16. Qd3 f5 17. Rad1 f4 18. gxf4 Rxf4 19. Ne2 Rf8 20. Nd4 Be5 21. Nxc6 bxc6 22. Qxa6 Qf7 23. Be3 Rxb2 24. Qxc6 Rxa2 25. Rb1 Qc7 26. Qxc7 Nxc7 27. Rec1 1/2-1/2

[Event "Skalica Open 2019"]
[Site "Skalica"]
[Date "2019.08.30"]
[Round "8.5"]
[White "Potapov, Pavel"]
[Black "Komliakov, Viktor"]
[Result "1/2-1/2"]
[ECO "B06"]
[WhiteElo "2496"]
[BlackElo "2366"]
[Annotator "ChessBase"]
[PlyCount "37"]
[EventDate "2019.08.25"]
[EventType "swiss"]
[EventCountry "SVK"]
[SourceTitle "playchess.com"]
[Source "ChessBase"]
[SourceQuality "1"]
[TimeControl "40/5400+30:1800+30"]

1. e4 g6 2. d4 Bg7 3. Nc3 c6 4. f4 d5 5. e5 Nh6 6. Nf3 f6 7. Be3 Bg4 8. h3 Bxf3 9. Qxf3 O-O 10. exf6 exf6 11. g4 f5 12. g5 Nf7 13. O-O-O Re8 14. h4 Nd7 15. h5 Nf8 16. Kb1 Qe7 17. Bf2 Nd6 18. Bg2 Rad8 19. Rhe1 1/2-1/2

[Event "Skalica Open 2019"]
[Site "Skalica"]
[Date "2019.08.30"]
[Round "8.6"]
[White "Manik, Mikulas"]
[Black "Khmelev, Mikhail"]
[Result "1-0"]
[ECO "B48"]
[WhiteElo "2374"]
[BlackElo "2021"]
[Annotator "NA"]
[PlyCount "109"]
[EventDate "2019.08.25"]
[EventType "swiss"]
[EventCountry "SVK"]
[SourceTitle "playchess.com"]
[Source "ChessBase"]
[SourceQuality "1"]
[TimeControl "40/5400+30:1800+30"]

1. e4 c5 2. Nf3 Nc6 3. Nc3 e6 4. d4 cxd4 5. Nxd4 Qc7 6. Be3 a6 7. a3 Be7 8. f4 b5 9. Nxc6 Qxc6 10. Be2 Bb7 11. Bf3 Bh4+ 12. g3 Bf6 13. Bd4 Rc8 14. O-O Bxd4+ 15. Qxd4 Qc5 16. Rad1 Ne7 17. Rf2 Qxd4 18. Rxd4 Nc6 19. Rd6 Na5 20. e5 Bc6 21. Bxc6 Rxc6 22. Rxc6 dxc6 23. b3 Ke7 24. Rd2 Nb7 25. Ne4 h6 26. Kf2 Rd8 27. Rxd8 Kxd8 28. Ke3 c5 29. b4 cxb4 30. axb4 Kd7 31. Kd4 Kc6 32. g4 g6 33. h4 a5 34. bxa5 Nxa5 35. Ng5 Kd7 36. Nxf7 h5 37. gxh5 gxh5 38. Ng5 b4 39. Ne4 Ke7 40. Ng3 b3 41. cxb3 Nxb3+ 42. Ke3 Kf7 43. Nxh5 Kg6 44. Ng3 Nc5 45. Kd4 Nd7 46. Kc4 Nb6+ 47. Kc5 Nd5 48. f5+ Kf7 49. Kd6 Nf4 50. f6 Ng2 51. Ne4 Nxh4 52. Ng5+ Kg6 53. f7 Kg7 54. Kxe6 Ng6 55. Kd6 1-0

[Event "Skalica Open 2019"]
[Site "Skalica"]
[Date "2019.08.30"]
[Round "8.7"]
[White "Aleksandrovskiy, Dmitriy"]
[Black "Skalsky, Alexandr"]
[Result "1-0"]
[ECO "D90"]
[WhiteElo "2284"]
[BlackElo "2128"]
[Annotator "NA"]
[PlyCount "89"]
[EventDate "2019.08.25"]
[EventType "swiss"]
[EventCountry "SVK"]
[SourceTitle "playchess.com"]
[Source "ChessBase"]
[SourceQuality "1"]
[TimeControl "40/5400+30:1800+30"]

1. d4 Nf6 2. c4 g6 3. Nc3 d5 4. Nf3 Bg7 5. h4 dxc4 6. e4 c5 7. d5 b5 8. h5 O-O 9. hxg6 fxg6 10. e5 Ng4 11. d6 e6 12. Rxh7 Rf5 13. Rxg7+ Kxg7 14. Nxb5 Qa5+ 15. Nc3 Nxe5 16. Ng5 Nbc6 17. f4 Nd3+ 18. Bxd3 cxd3 19. Qxd3 Bd7 20. g4 Rd5 21. Qe4 Rxd6 22. Bd2 Qb4 23. O-O-O Qxe4 24. Ncxe4 Rd5 25. Bc3+ Nd4 26. Nxc5 e5 27. Nxd7 Rxd7 28. Re1 Kg8 29. Rxe5 Rf8 30. a4 Nb3+ 31. Kc2 Nd4+ 32. Kb1 Nc6 33. Re6 Ne7 34. Bb4 Rxf4 35. Bxe7 Rxe7 36. Rxe7 Rxg4 37. Ne6 Rxa4 38. Rg7+ Kh8 39. Rxg6 Kh7 40. Rg2 a5 41. Rg3 Rc4 42. Rc3 Rb4 43. Ra3 Rb5 44. Nd4 Rg5 45. Nb3 1-0

[Event "Skalica Open 2019"]
[Site "Skalica"]
[Date "2019.08.30"]
[Round "8.8"]
[White "Matejovic, Juraj"]
[Black "Husek, Martin"]
[Result "1/2-1/2"]
[ECO "C68"]
[WhiteElo "2237"]
[BlackElo "2182"]
[Annotator "NA"]
[PlyCount "50"]
[EventDate "2019.08.25"]
[EventType "swiss"]
[EventCountry "SVK"]
[SourceTitle "playchess.com"]
[Source "ChessBase"]
[SourceQuality "1"]
[TimeControl "40/5400+30:1800+30"]

1. e4 e5 2. Nf3 Nc6 3. Bb5 a6 4. Bxc6 dxc6 5. O-O Qf6 6. d4 exd4 7. Qxd4 Qxd4 8. Nxd4 Bd7 9. Nc3 O-O-O 10. Be3 Bb4 11. Nde2 Ne7 12. a3 Bd6 13. Rad1 Rhe8 14. Rd2 Ng6 15. f4 f6 16. h3 b5 17. Nc1 c5 18. Nd3 Bc6 19. Nxc5 f5 20. e5 Nxe5 21. fxe5 Rxe5 22. Nd3 Rxe3 23. Rxf5 Rg3 24. Re2 Bd7 25. Rh5 h6 1/2-1/2

[Event "Skalica Open 2019"]
[Site "Skalica"]
[Date "2019.08.30"]
[Round "8.9"]
[White "Gasa, Patrik"]
[Black "Istona, Martin"]
[Result "1/2-1/2"]
[ECO "A05"]
[WhiteElo "2187"]
[BlackElo "2235"]
[Annotator "NA"]
[PlyCount "23"]
[EventDate "2019.08.25"]
[EventType "swiss"]
[EventCountry "SVK"]
[SourceTitle "playchess.com"]
[Source "ChessBase"]
[SourceQuality "1"]
[TimeControl "40/5400+30:1800+30"]

1. Nf3 Nf6 2. c4 g6 3. b4 Bg7 4. Bb2 O-O 5. e3 c6 6. Be2 d5 7. O-O a5 8. cxd5 Nxd5 9. Bxg7 Kxg7 10. bxa5 Qxa5 11. Qb3 Qb4 12. Nc3 1/2-1/2

[Event "Skalica Open 2019"]
[Site "Skalica"]
[Date "2019.08.30"]
[Round "8.10"]
[White "Jablonicky, Martin"]
[Black "Kuznetsov, Mikhail V."]
[Result "1-0"]
[ECO "A05"]
[WhiteElo "2343"]
[BlackElo "2261"]
[Annotator "NA"]
[PlyCount "71"]
[EventDate "2019.08.25"]
[EventType "swiss"]
[EventCountry "SVK"]
[SourceTitle "playchess.com"]
[Source "ChessBase"]
[SourceQuality "1"]
[TimeControl "40/5400+30:1800+30"]

1. Nf3 Nf6 2. g3 g6 3. Bg2 Bg7 4. O-O O-O 5. d4 d5 6. c4 dxc4 7. Na3 c3 8. bxc3 c5 9. Rb1 Ne4 10. Qc2 Nd6 11. e4 Qa5 12. e5 Bf5 13. Qb3 Ne4 14. Nh4 Nc6 15. Nxf5 gxf5 16. Qxb7 Rac8 17. Bxe4 fxe4 18. Rb5 Qxc3 19. Rxc5 Na5 20. Qxc8 Rxc8 21. Rxc3 Rxc3 22. Bb2 Rd3 23. Rc1 Bh6 24. Rc8+ Kg7 25. Nc2 Rd1+ 26. Kg2 Rd2 27. Bc1 e3 28. Nxe3 Bxe3 29. Bxd2 Bxd2 30. d5 Bb4 31. f4 h5 32. Kf3 a6 33. g4 hxg4+ 34. Kxg4 Ba3 35. Rc7 Kg6 36. Rc6+ 1-0

[Event "Skalica Open 2019"]
[Site "Skalica"]
[Date "2019.08.30"]
[Round "8.12"]
[White "Bochnicka, Vladimir"]
[Black "Havelka, Ondrej"]
[Result "0-1"]
[ECO "C01"]
[WhiteElo "2193"]
[BlackElo "2112"]
[Annotator "NA"]
[PlyCount "60"]
[EventDate "2019.08.25"]
[EventType "swiss"]
[EventCountry "SVK"]
[SourceTitle "playchess.com"]
[Source "ChessBase"]
[SourceQuality "1"]
[TimeControl "40/5400+30:1800+30"]

1. e4 e6 2. d4 d5 3. exd5 exd5 4. c4 Bb4+ 5. Nc3 Nf6 6. Bd3 O-O 7. Nge2 Bg4 8. f3 Bh5 9. O-O dxc4 10. Bxc4 Nc6 11. a3 Ba5 12. Be3 Qd7 13. Bf2 Rad8 14. Qc1 Bb6 15. Rd1 Ne7 16. d5 Bxf2+ 17. Kxf2 Bg6 18. g4 h5 19. h3 Nc8 20. Qg5 Qd6 21. Kg2 Rfe8 22. Nf4 Re5 23. Qh4 Nb6 24. Bb3 Rde8 25. Nxg6 Re2+ 26. Nxe2 Rxe2+ 27. Kf1 Qh2 28. Nf4 Rxb2 29. Rd2 Rxd2 30. Ke1 Rb2 0-1

[Event "Skalica Open 2019"]
[Site "Skalica"]
[Date "2019.08.30"]
[Round "8.13"]
[White "Kalisky, Vladimir"]
[Black "Londin, Simon"]
[Result "1-0"]
[ECO "A04"]
[WhiteElo "2179"]
[BlackElo "2038"]
[Annotator "NA"]
[PlyCount "83"]
[EventDate "2019.08.25"]
[EventType "swiss"]
[EventCountry "SVK"]
[SourceTitle "playchess.com"]
[Source "ChessBase"]
[SourceQuality "1"]
[TimeControl "40/5400+30:1800+30"]

1. Nf3 c5 2. g3 Nc6 3. c4 e5 4. Nc3 Nge7 5. Bg2 d6 6. d3 g6 7. O-O Bg7 8. Rb1 O-O 9. a3 f5 10. Ne1 Be6 11. Nd5 h6 12. Nc2 g5 13. b4 Rb8 14. e3 Qd7 15. b5 Nd8 16. f4 Nxd5 17. cxd5 Bf7 18. a4 Bg6 19. Na3 Nf7 20. Nc4 Rbe8 21. Bb2 Re7 22. Bf3 exf4 23. Bxg7 Kxg7 24. exf4 Rfe8 25. Qd2 g4 26. Bd1 Qd8 27. a5 Rf8 28. Ba4 h5 29. Qc3+ Kh7 30. b6 a6 31. Rbe1 Nh6 32. Rxe7+ Qxe7 33. Re1 Qd8 34. Re6 Nf7 35. Kf2 h4 36. Qf6 hxg3+ 37. hxg3 Qxf6 38. Rxf6 Rd8 39. Re6 Kg7 40. Re7 Rb8 41. Bc6 bxc6 42. dxc6 1-0

[Event "Skalica Open 2019"]
[Site "Skalica"]
[Date "2019.08.30"]
[Round "8.14"]
[White "Jun, Rudolf Jr."]
[Black "Kantorik, Marian"]
[Result "1-0"]
[ECO "C41"]
[WhiteElo "2114"]
[BlackElo "2164"]
[Annotator "NA"]
[PlyCount "108"]
[EventDate "2019.08.25"]
[EventType "swiss"]
[EventCountry "SVK"]
[SourceTitle "playchess.com"]
[Source "ChessBase"]
[SourceQuality "1"]
[TimeControl "40/5400+30:1800+30"]

1. e4 d6 2. d4 Nf6 3. Nc3 e5 4. Nf3 Nbd7 5. Bc4 Be7 6. O-O c6 7. Bb3 h6 8. a4 Qc7 9. Nh4 exd4 10. Qxd4 Nc5 11. Ba2 Be6 12. b4 Bxa2 13. Rxa2 Ne6 14. Qd3 g6 15. f4 Ng4 16. Nf3 O-O-O 17. h3 Nf6 18. Be3 d5 19. exd5 Nxd5 20. Nxd5 Rxd5 21. Qc4 Kb8 22. Ne5 Bf6 23. b5 Bxe5 24. b6 axb6 25. fxe5 Rhd8 26. Rb2 Qxe5 27. Rb3 b5 28. axb5 cxb5 29. Qg4 h5 30. Qe2 f5 31. c4 bxc4 32. Ra3 Nc7 33. Rfa1 f4 34. Ba7+ Kc8 35. Qc2 f3 36. Bb6 Qe2 37. Ra8+ Kd7 38. Rxd8+ Kxd8 39. Qxg6 Qxg2+ 40. Qxg2 fxg2 41. Rc1 Rb5 42. Bxc7+ Kxc7 43. Rxc4+ Kd6 44. Kxg2 Rc5 45. Rb4 b5 46. Kg3 Rc3+ 47. Kg2 Rc5 48. Kg3 Rd5 49. Rb1 Kc5 50. Rc1+ Kb6 51. Rb1 Rd4 52. Kf3 b4 53. Ke3 Rc4 54. Kd2 Kb5 1-0

[Event "Skalica Open 2019"]
[Site "Skalica"]
[Date "2019.08.30"]
[Round "8.15"]
[White "Sefcik, Marek"]
[Black "Bilczewski, Kacper"]
[Result "0-1"]
[ECO "C00"]
[WhiteElo "2024"]
[BlackElo "2116"]
[Annotator "NA"]
[PlyCount "52"]
[EventDate "2019.08.25"]
[EventType "swiss"]
[EventCountry "SVK"]
[SourceTitle "playchess.com"]
[Source "ChessBase"]
[SourceQuality "1"]
[TimeControl "40/5400+30:1800+30"]

1. e4 e6 2. d3 b6 3. Nf3 Bb7 4. g3 d5 5. Nbd2 Nf6 6. e5 Nfd7 7. Bg2 c5 8. O-O Nc6 9. Re1 Qc7 10. Qe2 Be7 11. Nf1 O-O-O 12. h4 h6 13. Bf4 Rdg8 14. g4 Bxh4 15. Nxh4 g5 16. Bg3 gxh4 17. Bxh4 Qxe5 18. Qd2 Qd4 19. Nh2 Nce5 20. Bg3 Nxg4 21. Nf3 Qf6 22. d4 h5 23. dxc5 Nxc5 24. Ne5 Nxe5 25. Rxe5 h4 26. Bh2 h3 0-1

[Event "Skalica Open 2019"]
[Site "Skalica"]
[Date "2019.08.30"]
[Round "8.17"]
[White "Kapusta, Petr"]
[Black "Lhotska, Anna"]
[Result "1-0"]
[ECO "B59"]
[WhiteElo "2157"]
[BlackElo "1966"]
[Annotator "NA"]
[PlyCount "65"]
[EventDate "2019.08.25"]
[EventType "swiss"]
[EventCountry "SVK"]
[SourceTitle "playchess.com"]
[Source "ChessBase"]
[SourceQuality "1"]
[TimeControl "40/5400+30:1800+30"]

1. e4 c5 2. Nf3 d6 3. d4 cxd4 4. Nxd4 Nf6 5. Nc3 Nc6 6. Be2 e5 7. Nb3 Be6 8. O-O Be7 9. Kh1 O-O 10. f4 exf4 11. Bxf4 d5 12. e5 Ne4 13. Bd3 Nxc3 14. bxc3 h6 15. Nd4 Nxd4 16. cxd4 Qd7 17. Qd2 f5 18. Bxh6 gxh6 19. Qxh6 Rf7 20. Rf3 Rh7 21. Qe3 Rf8 22. g4 Rg7 23. gxf5 Bxf5 24. Rxf5 Rxf5 25. e6 Rf3 26. Qxf3 Qxe6 27. Bf5 Qd6 28. Re1 Rg5 29. Qh3 Qf6 30. Be6+ Kg7 31. Rf1 Qxd4 32. Rf7+ Kg6 33. Qh7# 1-0

[Event "Skalica Open 2019"]
[Site "Skalica"]
[Date "2019.08.30"]
[Round "8.18"]
[White "Gresova, Zuzana"]
[Black "Benes, Miroslav"]
[Result "1-0"]
[ECO "A59"]
[WhiteElo "2008"]
[BlackElo "2107"]
[Annotator "NA"]
[PlyCount "123"]
[EventDate "2019.08.25"]
[EventType "swiss"]
[EventCountry "SVK"]
[SourceTitle "playchess.com"]
[Source "ChessBase"]
[SourceQuality "1"]
[TimeControl "40/5400+30:1800+30"]

1. d4 Nf6 2. c4 c5 3. d5 b5 4. cxb5 a6 5. bxa6 g6 6. Nc3 Bxa6 7. e4 Bxf1 8. Kxf1 d6 9. Nf3 Bg7 10. g3 O-O 11. Kg2 Qb6 12. a4 Na6 13. Qe2 Nb4 14. Nb5 Rfb8 15. Ra3 Ne8 16. Nd2 Nc7 17. Nc4 Qb7 18. Nxc7 Qxc7 19. a5 Re8 20. Rd1 Rad8 21. Bg5 h6 22. Be3 e6 23. dxe6 fxe6 24. Bf4 Bf8 25. Qg4 Kh7 26. Qh4 Nc2 27. Rc3 Nd4 28. Ne3 Qg7 29. Bg5 Be7 30. f4 Rb8 31. Rd2 Bxg5 32. fxg5 Rf8 33. Ng4 h5 34. Nf6+ Kh8 35. g4 Rb4 36. gxh5 Nf5 37. Qh3 Rxf6 38. gxf6 Qxf6 39. hxg6+ Nh4+ 40. Qxh4+ Qxh4 41. Rh3 Qxh3+ 42. Kxh3 Kg7 43. Rxd6 Rxe4 44. a6 Kxg6 45. Rc6 Ra4 46. Rxe6+ Kf5 47. Rc6 c4 48. Kg3 Ke4 49. h4 Kd5 50. Rf6 Ra2 51. h5 Rxb2 52. h6 Rb8 53. h7 c3 54. a7 Ra8 55. Rh6 Rh8 56. Rg6 Ra8 57. Rg8 c2 58. h8=Q c1=Q 59. Qh5+ Kc4 60. Qg4+ Kb3 61. Rb8+ Ka2 62. Qe2+ 1-0